 Dungeon Crawl Stone Soup version 0.28.0 (webtiles) character file.

Game seed: 7985709225518714586

700 ProzacElf the Ruffian (level 7, 0/72 HPs)
             Began as a Troll Hunter on Feb 17, 2022.
             Was a Believer of Kikubaaqudgha.
             Hit by a boomerang thrown by an orc warrior (16 damage)
             ... on level 4 of the Dungeon.
             The game lasted 00:07:20 (2621 turns).

ProzacElf the Ruffian (Troll Hunter)                Turns: 2621, Time: 00:07:21

Health: 0/72       AC:  5    Str: 21    XL:     7   Next: 38%
Magic:  6/6        EV: 10    Int:  7    God:    Kikubaaqudgha [**....]
Gold:   159        SH:  0    Dex: 12    Spells: 6/6 levels left

rFire   . . .      SeeInvis .     - Unarmed
rCold   . . .      Faith    .   (no shield)
rNeg    . . .      Spirit   .   b - +0 robe
rPois   .          Reflect  .   (helmet restricted)
rElec   .          Harm     .   u - +0 cloak
rCorr   .          Rampage  .   (gloves unavailable)
Will    .....                   (boots unavailable)
Stlth   +.........              (no amulet)
HPRegen 1.02/turn               (no ring)
MPRegen 0.10/turn               (no ring)

@: no status effects
A: large, unfitting armour, claws 3, regeneration 1, shaggy fur 1, tough skin 1
a: Renounce Religion, Receive Corpses


You were on level 4 of the Dungeon.
You worshipped Kikubaaqudgha.
Kikubaaqudgha was pleased with you.
You visited 1 branch of the dungeon, and saw 4 of its levels.

You collected 159 gold pieces.

Inventory:

Hand Weapons
 c - a +0 short sword
 t - a +4 quarterstaff of chaos
 A - a +0 giant club
Missiles
 a - 4 large rocks (quivered)
 d - 2 throwing nets
 g - 72 stones
 k - 3 boomerangs
 y - 2 poisoned darts
 z - 28 bolts
Armour
 b - a +0 robe (worn)
 u - a +0 cloak (worn)
Jewellery
 n - a ring of ice
Wands
 r - a wand of paralysis (2)
Scrolls
 f - 5 scrolls of identify {unknown}
 h - 2 scrolls of magic mapping {unknown}
 i - a scroll of enchant armour {unknown}
 j - a scroll of vulnerability {unknown}
 p - 4 scrolls of blinking {unknown}
 q - 2 scrolls of fear {unknown}
 v - a scroll of amnesia {unknown}
 x - 3 scrolls of teleportation {unknown}
Potions
 e - a potion of mutation {unknown}
 l - a potion of might {unknown}
 m - a potion of attraction {unknown}
 o - 2 potions of haste {unknown}
 s - 2 potions of curing {unknown}
 w - a potion of lignification {unknown}


   Skills:
 + Level 5.0 Fighting
 - Level 3.6 Throwing
 - Level 1.5 Dodging
 - Level 0.3 Stealth
 + Level 5.6 Unarmed Combat


You had 6 spell levels left.
You didn't know any spells.
Your spell library contained the following spells:

 Spells                   Type           Power      Damage    Failure   Level
 Animate Skeleton         Necr           0%         N/A       43%         1
 Magic Dart               Conj           0%         1d3       43%         1
 Corpse Rot               Necr/Air       0%         N/A       56%         2
 Searing Ray              Conj           0%         2d4       56%         2
 Sublimation of Blood     Necr           0%         N/A       56%         2
 Fulminant Prism          Conj/Hex       0%         3d6       99%         4
 Agony                    Necr           0%         N/A       100%        5


Dungeon Overview and Level Annotations

Branches:
Dungeon (4/15)
 Temple: D:4-7

Altars:
Kikubaaqudgha
Trog


Innate Abilities, Weirdness & Mutations

You are too large for most types of armour.
You have claws for hands.
Your natural rate of healing is unusually fast.
You are covered in fur. (AC +1)
You have tough skin. (AC +1)


Message History

Ye take 14 damage, an' haf 34/72 hp.
Ye be too injured ta fight recklessly!
Ye be too injured ta fight recklessly!
Ye be too injured ta fight recklessly!
Ye be too injured ta fight recklessly!
Ye be too injured ta fight recklessly!
Ye be too injured ta fight recklessly!
Ye be too injured ta fight recklessly!
Ye be too injured ta fight recklessly!
Ye be too injured ta fight recklessly!
Ye be too injured ta fight recklessly!
Ye be too injured ta fight recklessly!
Ye be too injured ta fight recklessly!
Ye be too injured ta fight recklessly!
Ye be too injured ta fight recklessly!
Ye be too injured ta fight recklessly!
Ye be too injured ta fight recklessly!
Ye be too injured ta fight recklessly!
Ye be too injured ta fight recklessly!
Ye be too injured ta fight recklessly!
Ye be too injured ta fight recklessly!
Ye be too injured ta fight recklessly!
Ye be too injured ta fight recklessly!
Ye be too injured ta fight recklessly!
Ye be too injured ta fight recklessly!
Ye be too injured ta fight recklessly!
Ye be too injured ta fight recklessly!
Ye be too injured ta fight recklessly!
Ye be too injured ta fight recklessly!
Tha orc warrior throws a boomerang.
Tha boomerang hits ye!
Ye take 10 damage, an' haf 24/72 hp.
Tha orc warrior throws a boomerang.
Tha boomerang hits ye!
* * * LOW HITPOINT WARNIN'
* * * Ye take 14 damage, an' haf 10/72 hp.
Thar be an op'n door 'ere.
Ye close tha door.
An orc warrior opens tha door.
Tha orc warrior throws a boomerang.
Tha boomerang hits ye!
Ye die...
Kikubaaqudgha rasps: "Ye haf failed me!
Welcome... death!"

#..)......#
#...)...# ##.....##
##...## ##o## #.#
#######.#####
............#
####...@....#####.#
###..............#
.#......#.#######
........#.#
..........).#
#####.#.###)#
#.#.###.# #.......#
###.#####


You could see an orc warrior.

Vanquished Creatures
  Grinder (D:4)
  An ice beast (D:4)
  2 ogres (D:4)
  2 orc priests (D:4)
  Crazy Yiuf (D:2)
  An iguana (D:3)
  3 gnolls (D:4)
  A howler monkey skeleton (D:4)
  3 adders
  A worm (D:3)
  A dart slug (D:3)
  2 orcs
  6 bats
  4 endoplasms
  5 giant cockroaches
  3 goblins
  3 hobgoblins
  3 jackals (D:3)
  6 quokkas
  6 ball pythons
  2 frilled lizards
  7 kobolds
  6 rats
70 creatures vanquished.

Notes
Turn   | Place    | Note
-------+----------+-------------------------------------------
     0 | D:1      | ProzacElf the Troll Hunter began the quest for the Orb.
     0 | D:1      | Reached XP level 1. HP: 19/19 MP: 0/0
    85 | D:1      | Reached skill level 1 in Unarmed Combat
   183 | D:1      | Reached XP level 2. HP: 28/28 MP: 1/1
   665 | D:2      | Found a runed translucent door.
   666 | D:2      | Noticed Crazy Yiuf
   855 | D:2      | Found a bloodstained altar of Trog.
   867 | D:2      | Reached XP level 3. HP: 35/35 MP: 2/2
   977 | D:2      | Paralysed by a goblin for 5 turns
  1018 | D:2      | Found a faded altar of an unknown god.
  1025 | D:2      | Prayed at the altar of an unknown god.
  1025 | D:2      | Became a worshipper of Kikubaaqudgha
  1025 | D:2      | Reached * piety under Kikubaaqudgha
  1025 | D:2      | Received a gift from Kikubaaqudgha
  1314 | D:2      | Killed Crazy Yiuf
  1315 | D:2      | Reached XP level 4. HP: 5/44 MP: 0/3
  1980 | D:3      | Reached ** piety under Kikubaaqudgha
  2001 | D:3      | Reached XP level 5. HP: 51/53 MP: 4/4
  2130 | D:4      | Noticed Grinder
  2135 | D:4      | Paralysed by Grinder for 6 turns
  2142 | D:4      | Killed Grinder
  2143 | D:4      | Reached XP level 6. HP: 43/62 MP: 5/5
  2298 | D:4      | Noticed an ice beast
  2325 | D:4      | Reached skill level 5 in Unarmed Combat
  2325 | D:4      | Reached XP level 7. HP: 27/71 MP: 6/6
  2612 | D:4      | Reached skill level 5 in Fighting
  2621 | D:4      | Hit by a boomerang thrown by an orc warrior

Illustrated notes

Levels and vault maps discovered:
D:1:      wander_arrival_fairy_ring, layout_basic, minmay_misc_feat_x,
          minmay_ruptured
D:2:      minmay_chambers_of_twos, layout_loops_ring,
          hellmonk_ecumenical_altar_lost_god, basic_altar,
          uniq_crazy_yiuf_cottage
D:3:      layout_loops_ring, nrook_mini_vaults
D:4:      layout_loops_corners, uniq_grinder

Skill      XL: |  1  2  3  4  5  6  7 |
---------------+----------------------+-----
Unarmed Combat | 1 2 3 4 5 |  5.6
Fighting       | 2 3 4 5 |  5.0
Throwing       | |  3.6
Dodging        | |  1.5
Stealth        | |  0.3

Action                   |  1- 3 |  4- 6 |  7- 9 || total
-------------------------+-------+-------+-------++-------
Melee: Unarmed           |   100 |    88 |    36 ||   224
       Punch             |     1 |     1 |     2 ||     4
Throw: Large rock        |       |     8 |       ||     8
 Stab: Sleeping          |     1 |       |       ||     1
Armor: Robe              |    36 |    20 |    12 ||    68
Dodge: Dodged            |    44 |    35 |    18 ||    97
